 Dungeon Crawl Stone Soup version 0.30.0-29-ga12c61a403 (webtiles) character file.

Game seed: 11529599475274356536

275 Janerl the Vexing (level 6, -9/47 HPs)
             Began as a Gnoll Hexslinger on June 10, 2023.
             Engulfed by a steam dragon's steam (11 damage)
             ... on level 4 of the Dungeon.
             The game lasted 00:22:16 (3216 turns).

Janerl the Vexing (Gnoll Hexslinger)                Turns: 3216, Time: 00:22:17

Health: -9/47      AC:  4    Str: 11    XL:     6   Next: 24%
Magic:  9/11       EV: 13    Int: 13    God:
Gold:   117        SH:  0    Dex: 12    Spells: 10/11 levels left

rFire   . . .        a - +1 sling
rCold   . . .        (no shield)
rNeg    . . .        c - +0 robe
rPois   .            (no helmet)
rElec   .            (no cloak)
rCorr   +            p - +0 pair of gloves
SInv    .            i - +0 pair of boots
Will    .....        (no amulet)
Stlth   +            w - ring of resist corrosion
HPRegen 0.27/turn    (no ring)
MPRegen 0.12/turn

%: no passive effects
@: confused, ambrosia-drunk
A: fangs 1, strong nose, distributed training
a: no special abilities


You were on level 4 of the Dungeon.
You visited 1 branch of the dungeon, and saw 4 of its levels.

You collected 117 gold pieces.

Inventory:

Hand Weapons
 a - a +1 sling (weapon)
Missiles
 n - 11 poisoned darts
 r - 2 datura-tipped darts
 u - 6 boomerangs
Armour
 c - a +0 robe (worn)
 i - a +0 pair of boots (worn)
 p - a +0 pair of gloves (worn)
Jewellery
 g - an amulet of faith
 w - a ring of resist corrosion (left hand)
Scrolls
 b - 2 scrolls of poison
 d - a scroll of immolation {unknown}
 e - 5 scrolls of identify {unknown}
 h - a scroll of fear {unknown}
 l - a scroll of fog {unknown}
 o - 3 scrolls of magic mapping {unknown}
 v - 2 scrolls of enchant armour {unknown}
 y - a scroll of enchant weapon {unknown}
Potions
 f - a potion of ambrosia
 j - 2 potions of berserk rage {unknown}
 k - 2 potions of brilliance {unknown}
 q - a potion of attraction {unknown}
 s - a potion of resistance {unknown}
 t - a potion of haste {unknown}
 x - 2 potions of flight {unknown}
 z - a potion of might {unknown}
 A - a potion of magic {unknown}


   Skills:
 + Level 3.2 Fighting
 + Level 2.0 Short Blades
 + Level 2.0 Long Blades
 + Level 2.0 Axes
 + Level 2.0 Maces & Flails
 + Level 2.0 Polearms
 + Level 2.0 Staves
 + Level 5.0 Ranged Weapons
 + Level 2.0 Throwing
 + Level 2.0 Armour
 + Level 5.0 Dodging
 + Level 2.0 Stealth
 + Level 2.0 Shields
 + Level 2.0 Unarmed Combat
 + Level 3.4 Spellcasting
 + Level 1.5 Conjurations
 + Level 5.6 Hexes
 + Level 1.5 Summonings
 + Level 1.5 Necromancy
 + Level 1.5 Translocations
 + Level 1.5 Transmutations
 + Level 1.5 Fire Magic
 + Level 1.5 Ice Magic
 + Level 1.5 Air Magic
 + Level 1.5 Earth Magic
 + Level 1.5 Poison Magic
 + Level 2.1 Invocations
 + Level 2.0 Evocations


You had 10 spell levels left.
You knew the following spells:

 Your Spells              Type           Power      Damage    Failure   Level
a - Slow                  Hex            68%        N/A       2%          1

Your spell library contained the following spells:

 Spells                   Type           Power      Damage    Failure   Level
 Inner Flame              Hex/Fire       11%        N/A       16%         3
 Portal Projectile        Hex/Tloc       22%        N/A       16%         3
 Poisonous Vapours        Pois/Air       12%        N/A       19%         2
 Cause Fear               Hex            8%         N/A       22%         4
 Mephitic Cloud           Conj/Pois/Air  6%         N/A       34%         3
 Freezing Cloud           Conj/Ice/Air   3%         6-21      97%         5


Dungeon Overview and Level Annotations

Branches:
Dungeon (4/15)
 Temple: D:4-7

Altars:
Dithmenos
Fedhas
Makhleb
Qazlal

Shops:
D:1 =


Innate Abilities, Weirdness & Mutations

You have very sharp teeth.
Your uncanny sense of smell can sniff out nearby items.
Your experience applies equally to all skills.


Message History

Aim: a steam dragon (catching its breath, 59% to hit)
You shoot a sling bullet.
The sling bullet closely misses the steam dragon.
The steam dragon barely misses you. x2
Fire: a) +1 sling
Press: ? - help, Q - select action, (/) - cycle Shift-Dir - straight line, f/p - steam dragon
Aim: a steam dragon (59% to hit)
You shoot a sling bullet.
The sling bullet hits the steam dragon but does no damage.
The steam dragon bites you. The steam dragon claws you.
* * * LOW HITPOINT WARNING * * *
You feel much better. The steam dragon closely misses you. x2
Unknown command.
Fire: a) +1 sling
Press: ? - help, Q - select action, (/) - cycle Shift-Dir - straight line, f/p - steam dragon
Aim: a steam dragon (59% to hit)
You shoot a sling bullet.
The sling bullet barely misses the steam dragon.
The steam dragon barely misses you. The steam dragon claws you.
Fire: a) +1 sling
Press: ? - help, Q - select action, (/) - cycle Shift-Dir - straight line, f/p - steam dragon
Aim: a steam dragon (59% to hit)
You shoot a sling bullet.
The sling bullet barely misses the steam dragon.
The steam dragon bites you! The steam dragon misses you.
The steam dragon bites you. The steam dragon claws you.
* * * LOW HITPOINT WARNING * * *
Fire: a) +1 sling
Press: ? - help, Q - select action, (/) - cycle Shift-Dir - straight line, f/p - steam dragon
Aim: a steam dragon (59% to hit)
You shoot a sling bullet. The sling bullet hits the steam dragon!
The steam dragon is lightly wounded.
The steam dragon breathes steam at you. The ball of steam hits you!
* * * LOW HITPOINT WARNING * * *
It was a potion of ambrosia.
You are confused.
You feel invigorated.
You are engulfed in a cloud of scalding steam.
You die...

### #..∆ #.# #.#
#.# # #§# ?# ∆
#§# ####D.#
#.####@###.....#
#.....D.##.#
######..##.#
####..##.###.#
#............#
#.###.########
#.# #.# #.# #.#
#.# #.#


You could see a steam dragon.

Vanquished Creatures
  An ogre (D:4)
  A hound (D:3)
  A sleepcap (D:4)
  An iguana (D:4)
  2 adders
  An ufetubus (D:2)
  2 worms
  3 dart slugs
  3 orcs (D:4)
  7 ball pythons
  5 endoplasms (D:1)
  4 giant cockroaches
  7 goblins
  5 hobgoblins
  5 kobolds
  2 quokkas
  5 bats
  6 frilled lizards
  11 rats
72 creatures vanquished.

Notes
Turn   | Place    | Note
-------+----------+-------------------------------------------
     0 | D:1      | Janerl the Gnoll Hexslinger began the quest for the Orb.
     0 | D:1      | Reached XP level 1. HP: 17/17 MP: 4/4
    48 | D:1      | Found Zasaup's Jewellery Shoppe.
   178 | D:1      | Reached XP level 2. HP: 23/23 MP: 2/5
   544 | D:1      | Reached XP level 3. HP: 28/28 MP: 7/7
   930 | D:1      | Reached skill level 1 in Invocations
  1153 | D:2      | Reached skill level 1 in Short Blades
  1153 | D:2      | Reached skill level 1 in Long Blades
  1153 | D:2      | Reached skill level 1 in Axes
  1153 | D:2      | Reached skill level 1 in Maces & Flails
  1153 | D:2      | Reached skill level 1 in Polearms
  1153 | D:2      | Reached skill level 1 in Staves
  1153 | D:2      | Reached skill level 1 in Throwing
  1153 | D:2      | Reached skill level 1 in Armour
  1153 | D:2      | Reached skill level 1 in Stealth
  1153 | D:2      | Reached skill level 1 in Shields
  1153 | D:2      | Reached skill level 1 in Unarmed Combat
  1153 | D:2      | Reached skill level 1 in Evocations
  1224 | D:2      | Reached XP level 4. HP: 27/34 MP: 2/8
  1866 | D:3      | Found a burning altar of Makhleb.
  1896 | D:3      | Reached skill level 1 in Conjurations
  1896 | D:3      | Reached skill level 1 in Summonings
  1896 | D:3      | Reached skill level 1 in Necromancy
  1896 | D:3      | Reached skill level 1 in Translocations
  1896 | D:3      | Reached skill level 1 in Transmutations
  1896 | D:3      | Reached skill level 1 in Fire Magic
  1896 | D:3      | Reached skill level 1 in Ice Magic
  1896 | D:3      | Reached skill level 1 in Air Magic
  1896 | D:3      | Reached skill level 1 in Earth Magic
  1896 | D:3      | Reached skill level 1 in Poison Magic
  2381 | D:3      | Found a shadowy altar of Dithmenos.
  2549 | D:3      | Reached XP level 5. HP: 29/40 MP: 9/9
  2733 | D:3      | Found a faded altar of an unknown god.
  3059 | D:4      | Found a blossoming altar of Fedhas.
  3062 | D:4      | Noticed an ogre
  3090 | D:4      | Killed an ogre
  3091 | D:4      | Reached skill level 5 in Ranged Weapons
  3091 | D:4      | Reached skill level 5 in Dodging
  3091 | D:4      | Reached XP level 6. HP: 40/47 MP: 8/11
  3147 | D:4      | Found a stormy altar of Qazlal.
  3192 | D:4      | Noticed a steam dragon
  3215 | D:4      | HP: 2/47 [steam dragon/ball of steam (11)]
  3216 | D:4      | Engulfed by a steam dragon's steam

Illustrated notes

Levels and vault maps discovered:
D:1:      psy_arrival_fountain, layout_basic, serial_shops,
          nicolae_shop_tiny_statue_garden
D:2:      layout_rooms, dk_vineyard_3, kennysheep_potato
D:3:      layout_basic, nicolae_dithmenos_the_darkroom, bloody_makhleb,
          nicolae_ecumenical_lake_church
D:4:      layout_loops_ring, grunt_temple_overflow_forces_of_nature,
          kennysheep_generic_room_4, uniq_edmund, uniq_ijyb

Skill      XL: |  1  2  3  4  5 |
---------------+----------------+-----
Invocations    | 1 2 |  2.1
Short Blades   | 1 2 |  2.0
Long Blades    | 1 2 |  2.0
Axes           | 1 2 |  2.0
Maces & Flails | 1 2 |  2.0
Polearms       | 1 2 |  2.0
Staves         | 1 2 |  2.0
Throwing       | 1 2 |  2.0
Armour         | 1 2 |  2.0
Stealth        | 1 2 |  2.0
Shields        | 1 2 |  2.0
Unarmed Combat | 1 2 |  2.0
Evocations     | 1 2 |  2.0
Spellcasting   | 3 |  3.4
Conjurations   | 1 |  1.5
Summonings     | 1 |  1.5
Necromancy     | 1 |  1.5
Translocations | 1 |  1.5
Transmutations | 1 |  1.5
Fire Magic     | 1 |  1.5
Ice Magic      | 1 |  1.5
Air Magic      | 1 |  1.5
Earth Magic    | 1 |  1.5
Poison Magic   | 1 |  1.5
Fighting       | 3 |  3.2
Ranged Weapons | 5 |  5.0
Dodging        | 5 |  5.0
Hexes          | |  5.6

Action                     |  1- 3 |  4- 6 || total
---------------------------+-------+-------++-------
   Fire: Sling             |   121 |   188 ||   309
  Throw: Dart              |       |     3 ||     3
   Cast: Slow              |    35 |    28 ||    63
    Use: Potion            |       |     4 ||     4
 Armour: Robe              |    11 |    21 ||    32
  Dodge: Dodged            |    43 |    93 ||   136
